 Dungeon Crawl Stone Soup version 0.24-a0-309-g1095bcad4c (webtiles) character file.

Game seed: 2690217590229610468

2175 HAL9000 the Slicer (level 9, -4/42 HPs)
             Began as a Vine Stalker Assassin on May 14, 2019.
             Was a Believer of Dithmenos.
             Slain by a wyvern (7 damage)
             ... on level 8 of the Dungeon.
             The game lasted 00:14:17 (6892 turns).

HAL9000 the Slicer (Vine Stalker Assassin)          Turns: 6892, Time: 00:14:17

Health: -4/42      AC:  5    Str: 14      XL:     9   Next: 32%
Magic:  0/10       EV: 11    Int: 12      God:    Dithmenos [**....]
Gold:   597        SH:  0    Dex: 19 (21) Spells: 8/8 levels left

rFire    + . .     SeeInvis .   d - +1 dagger (vamp)
rCold    + . .     Gourm    .   (no shield)
rNeg     . . .     Faith    .   s - +0 leather armour
rPois    +         Spirit   +   p - +0 helmet
rElec    .         Reflect  .   q - scarf {rC+ rF+}
rCorr    .         Harm     .   C - +0 pair of gloves
MR       +....                  (no boots)
Stlth    ++++......             (no amulet)
HPRegen  0.54/turn              o - ring of poison resistance
MPRegen  0.12/turn              G - +3 ring of dexterity

@: about to teleport, wreathed by umbra
A: fangs 3, regeneration 1, magic shield, antimagic bite, no potion heal 3, rot
immunity
a: Shadow Step, Renounce Religion


You were on level 8 of the Dungeon.
You worshipped Dithmenos.
Dithmenos was pleased with you.
You were very hungry.

You visited 2 branches of the dungeon, and saw 9 of its levels.
You also visited: Ossuary.

You collected 597 gold pieces.

Inventory:

Hand Weapons
 d - a +1 vampiric dagger (weapon)
Missiles
 b - 3 boomerangs (quivered)
 k - 5 poisoned darts
 l - 7 javelins
 B - a curare-tipped dart
Armour
 p - a +0 helmet (worn)
 q - a scarf of resistance (worn)
 s - a +0 leather armour (worn)
 C - a +0 pair of gloves (worn)
Jewellery
 e - an uncursed amulet of faith
 o - a ring of poison resistance (left hand)
 G - a +3 ring of dexterity (right hand)
Scrolls
 a - a scroll of teleportation
 c - 3 scrolls of remove curse
 g - a scroll of holy word {unknown}
 h - a scroll of blinking
 m - a scroll of immolation {unknown}
 r - 3 scrolls of enchant weapon {unknown}
 y - a scroll of vulnerability {unknown}
 A - 3 scrolls of amnesia {unknown}
 D - a scroll of enchant armour {unknown}
 E - a scroll of fear {unknown}
Potions
 i - 2 potions of resistance
 j - 3 potions of brilliance
 n - a potion of haste
 t - a potion of degeneration {unknown}
 u - a potion of ambrosia
 v - 2 potions of cancellation {unknown}
 w - 3 potions of curing
 x - a potion of invisibility
 z - 3 potions of lignification
 F - a potion of agility
Comestibles
 f - 9 rations


   Skills:
 - Level 1.7 Fighting
 - Level 10.1 Short Blades
 + Level 3.8 Throwing
 - Level 0.7 Dodging
 + Level 6.8 Stealth


You had 8 spell levels left.
You didn't know any spells.
Your spell library contained the following spells:

 Spells                   Type           Power        Failure   Level  Hunger
 Magic Dart               Conj           #...         38%         1    ##.....
 Searing Ray              Conj           #.....       54%         2    ###....
 Dazzling Spray           Conj/Hex       #.....       77%         3    ####...
 Force Lance              Conj/Tloc      #.......     99%         4    #####..
 Fulminant Prism          Conj/Hex       #.........   99%         4    #####..
 Iskenderun's Mystic Bla  Conj           #.......     99%         4    #####..


Dungeon Overview and Level Annotations

Branches:
Dungeon (8/15)             Temple (1/1) D:4
   Lair: D:8-11

Altars:
Ashenzari
Cheibriados
Dithmenos
Elyvilon
Fedhas
Gozag
Hepliaklqana
Kikubaaqudgha
Makhleb
Nemelex Xobeh
Okawaru
Qazlal
Ru
Sif Muna
Trog
Uskayaw
Vehumet
Wu Jian
Xom
Yredelemnul
Zin
The Shining One


Innate Abilities, Weirdness & Mutations

You have razor-sharp teeth.
Your natural rate of healing is unusually fast.
When hurt, damage is shared between your health and your magic reserves.
Your bite disrupts and absorbs the magic of your enemies.
Potions cannot restore your health.
You are immune to rotting.


Message History

The wyvern barely misses you.
You closely miss the wyvern. You bite the wyvern, but do no damage.
The wyvern is severely wounded.
The wyvern bites you!
You hit the wyvern but do no damage.
The wyvern is severely wounded.
You barely miss the wyvern. Your bite misses the wyvern.
The wyvern is severely wounded.
The wyvern completely misses you.
You hit the wyvern.
You feel better.
The wyvern is severely wounded.
You are feeling very hungry.
The wyvern bites you!!
* * * LOW HITPOINT WARNING * * *
You hit the wyvern but do no damage. You bite the wyvern, but do no damage.
The wyvern is severely wounded.
Unknown command.
As you read the scroll of teleportation, it crumbles to dust.
You feel strangely unstable. The wyvern bites you!
You die...

########## ...
#.......)# #.# #
#...####.# #...#
#...# #.# #.#.
#...# #.# ... #
######...# #.#
#.###.# ..........#
#.####.....#
..........#
#..@l5..#
.......#'##
#######.#
.......#.# .#
.......#.# .#
.......#.# .#
.......#.# .#
.......#.##########
.#
......>............
>#
###.######.########


You could see a wyvern and a crimson imp.

Vanquished Creatures
  Sigmund (D:2)
  Menkaure (D:7)
  2 sky beasts
  An ogre (D:8)
  An orc warrior (D:5)
  A centaur (D:5)
  A water moccasin zombie (D:8)
  3 scorpions
  A howler monkey (D:6)
  3 crimson imps
  A hound (D:5)
  A human zombie (D:6)
  3 jellies
  5 orc wizards
  A quasit (D:7)
  2 bullfrog skeletons
  5 orc priests
  Terence (D:2)
  3 iguanas
  6 worker ants
  A big kobold zombie (Ossuary)
  8 mummies (Ossuary)
  Robin (D:3)
  A gnoll (D:7)
  2 adders
  2 shadow imps
  2 adder zombies (D:2)
  An adder skeleton (D:2)
  2 worms (D:4)
  4 dart slugs (D:1)
  8 leopard geckos
  22 orcs
  A ball python (D:1)
  A bat skeleton (D:2)
  A bat zombie (D:2)
  6 giant cockroaches
  2 gnoll zombies
  15 goblins
  9 hobgoblins
  4 jackals
  A quokka (D:8)
  A ball python zombie (D:2)
  5 bats
  9 frilled lizards
  2 jackal skeletons (D:2)
  4 kobolds
  2 kobold zombies (Ossuary)
  A leopard gecko zombie (D:5)
  4 orc zombies (Ossuary)
  2 quokka skeletons (D:2)
  10 rats
177 creatures vanquished.

Notes
Turn   | Place    | Note
-------+----------+-------------------------------------------
     0 | D:1      | HAL9000 the Vine Stalker Assassin began the quest for the
                  | Orb.
     0 | D:1      | Reached XP level 1. HP: 11/11 MP: 2/2
    60 | D:1      | Reached skill level 5 in Stealth
   117 | D:1      | Reached skill level 2 in Short Blades
   117 | D:1      | Reached XP level 2. HP: 12/15 MP: 3/3
   319 | D:1      | Reached XP level 3. HP: 17/18 MP: 4/4
   378 | D:1      | Reached skill level 3 in Short Blades
  1129 | D:2      | Noticed Terence
  1132 | D:2      | Killed Terence
  1132 | D:2      | Gained mutation: Your natural rate of healing is unusually
                  | fast. [Vine Stalker growth]
  1132 | D:2      | Reached XP level 4. HP: 23/23 MP: 5/5
  1299 | D:2      | Reached skill level 4 in Short Blades
  1536 | D:2      | Noticed Sigmund
  1555 | D:2      | Killed Sigmund
  1555 | D:2      | Reached skill level 5 in Short Blades
  1555 | D:2      | Reached XP level 5. HP: 4/26 MP: 1/6
  1555 | D:2      | Reached XP level 6. HP: 5/30 MP: 1/7
  1752 | D:2      | You fall through a shaft!
  2125 | D:3      | Noticed Robin
  2145 | D:3      | Killed Robin
  2184 | D:3      | Reached skill level 6 in Short Blades
  2325 | D:3      | Noticed a sky beast
  2330 | D:3      | Killed a sky beast
  2330 | D:3      | Reached XP level 7. HP: 34/34 MP: 8/8
  2373 | D:3      | Found a hazy altar of Hepliaklqana.
  2429 | D:3      | Found a shattered altar of Ashenzari.
  2574 | D:3      | Found a shadowy altar of Dithmenos.
  2583 | D:3      | Became a worshipper of Dithmenos the Shadowed
  3039 | D:4      | Found a staircase to the Ecumenical Temple.
  3045 | Temple   | Entered the Ecumenical Temple
  3452 | D:4      | Reached skill level 7 in Short Blades
  3773 | D:5      | Entered Level 5 of the Dungeon
  4171 | D:5      | You fall through a shaft for 2 floors!
  4171 | D:7      | Found a hide-covered altar of Uskayaw.
  4255 | D:6      | Found a sand-covered staircase.
  4260 | D:6      | Reached skill level 8 in Short Blades
  4270 | Ossuary  | Entered an ossuary
  4308 | Ossuary  | Gained mutation: You have razor-sharp teeth. [Vine Stalker
                  | growth]
  4308 | Ossuary  | Reached XP level 8. HP: 23/38 MP: 6/9
  4381 | Ossuary  | Reached * piety under Dithmenos
  4882 | D:5      | Reached skill level 9 in Short Blades
  4954 | D:5      | Found a radiant altar of Vehumet.
  4955 | D:5      | Found a sparkling altar of Nemelex Xobeh.
  4955 | D:5      | Found a basalt altar of Yredelemnul.
  4972 | D:5      | Found a blossoming altar of Fedhas.
  5042 | D:5      | Found a shadowy altar of Dithmenos.
  5178 | D:5      | Got a dull robe
  5189 | D:5      | Identified the cursed +1 robe of Honesty {rC+ Int+4} (You
                  | found it on level 5 of the Dungeon)
  5636 | D:6      | Reached skill level 10 in Short Blades
  6143 | D:7      | Found a sacrificial altar of Ru.
  6146 | D:7      | Noticed Menkaure
  6149 | D:7      | Killed Menkaure
  6149 | D:7      | Reached XP level 9. HP: 42/42 MP: 10/10
  6267 | D:7      | You fall through a shaft!
  6267 | D:8      | Found a sparkling altar of Nemelex Xobeh.
  6319 | D:8      | Reached ** piety under Dithmenos
  6890 | D:8      | HP: 2/42 [wyvern (15)]
  6892 | D:8      | Slain by a wyvern

Levels and vault maps discovered:
D:1:      dpeg_arrival_rhombus, layout_loops_ring, minmay_octomino_e4
D:2:      layout_basic, serial_undead, serial_undead_b, serial_undead_f,
          serial_undead_a, serial_undead_d, serial_undead_d, serial_undead_f,
          serial_undead_b, serial_undead_c, first_ration, uniq_terence,
          uniq_sigmund
D:3:      layout_basic, nicolae_overflow_crystal_walls, old_standard_altar,
          st_stairs_12, nicolae_dithmenos_through_a_glass_darkly, uniq_robin
D:4:      layout_loops_ring, minmay_temple_entry_fiery,
          cheibrodos_sewer_entry_bend, minivault_19, item_on_display_a
D:5:      layout_loops_ring, marbit_many_paths, gammafunk_temple_overflow_claw,
          fedhas_altar_1
D:6:      layout_rooms, serial_curves, eino_curves_03, eino_curves_02,
          enter_ossuary_3, grunt_decor_clamped
D:7:      layout_cave_pools, basic_altar, nicolae_ru_path_of_blood, uniq_joseph,
          uniq_menkaure
D:8:      layout_basic, basic_altar
Temple:   eino_temple_rhombus

Skill      XL: |  1  2  3  4  5  6  7  8  9 |
---------------+----------------------------+-----
Stealth        | 5 6 |  6.8
Short Blades   | 2 3 5 6 8 10 | 10.1
Throwing       | 2 3 |  3.8
Fighting       | |  1.7
Dodging        | |  0.7

Action                   |  1- 3 |  4- 6 |  7- 9 || total
-------------------------+-------+-------+-------++-------
Melee: Dagger            |    96 |   165 |   551 ||   812
       Bite              |    15 |    47 |   183 ||   245
Throw: Dart              |     2 |    13 |     1 ||    16
       Javelin           |       |       |     9 ||     9
       Boomerang         |       |       |     3 ||     3
  Use: Scroll            |       |     6 |     9 ||    15
       Potion            |       |     1 |     1 ||     2
 Stab: Sleeping          |    11 |     3 |    17 ||    31
       Invisible         |       |     2 |       ||     2
       Distracted        |       |       |     1 ||     1
  Eat: Chunk             |     1 |     2 |    13 ||    16
       Ration            |       |     2 |       ||     2
Armor: Robe              |    12 |    42 |    12 ||    66
       Leather armour    |       |       |    51 ||    51
Dodge: Dodged            |    35 |    83 |   196 ||   314

Table legend:
 A = Non-vault XP
 B = Vault XP
 C = Vault XP percentage of total XP
 D = Non-vault monster count
 E = Vault monster count
 F = Vault count percentage of total count
                 A         B        C        D         E       F
            +---------+---------+-------+---------+---------+-------
      Total |    2329 |     779 |  25.1 |     128 |      49 |  27.7
            +---------+---------+-------+---------+---------+-------
        D:1 |      48 |       5 |   9.4 |      25 |       3 |  10.7
        D:2 |      21 |     292 |  93.3 |      13 |      12 |  48.0
        D:3 |     304 |      39 |  11.4 |      26 |      13 |  33.3
        D:4 |     101 |       5 |   4.7 |       6 |       1 |  14.3
        D:5 |     616 |      42 |   6.4 |      21 |       1 |   4.5
        D:6 |     538 |      44 |   7.6 |      18 |       2 |  10.0
        D:7 |     145 |     169 |  53.8 |       5 |       1 |  16.7
        D:8 |     556 |       0 |   0.0 |      14 |       0 |   0.0
    Ossuary |       0 |     183 | 100.0 |       0 |      16 | 100.0
            +---------+---------+-------+---------+---------+-------
